Map: Eternal Empire LE

Players

Ratl

  • Race: Protoss Protoss
  • League: Silver
  • Spawn Location: 1:00

McCartey - Winner!

  • Race: Terran Terran
  • League: Platinum
  • Spawn Location: 7:00

VOD

Have the link to the VOD?

Description

Time

  • Played on: Feb. 3, 2020, 8:09 p.m.
  • Length: 19:33
Show
View Real Time Build Order
Export as new Build Order

Ratl Protoss 

Build Orders: Double Forge, Archon Immortal 

Get SALT Encoding   

  12  0:01  Probe  
  13  0:13  Probe (Chrono Boost)  
  14  0:19  Pylon  
  14  0:25  Probe (Chrono Boost)  
  15  0:36  Probe (Chrono Boost)  
  16  0:45  Gateway  
  16  0:46  Probe  
  16  0:49  Assimilator  
  17  0:58  Probe  
  18  1:10  Probe  
  19  1:20  Gateway  
  19  1:22  Probe  
  20  1:29  Assimilator  
  20  1:34  Probe  
  20  1:37  Cybernetics Core  
  21  1:47  Probe  
  22  1:54  Pylon  
  22  1:59  Probe  
  23  2:12  Probe  
  23  2:15  Stalker x2  
  28  2:21  Warp Gate (Chrono Boost)  
  27  2:26  Probe  
  28  2:35  Robotics Facility  
  28  2:38  Probe  
  28  2:40  Pylon  
  28  2:42  Gateway  
  29  2:50  Probe  
  30  2:58  Stalker  
  32  3:04  Probe  
  33  3:16  Probe  
  34  3:25  Nexus  
  32  3:40  Probe  
  33  3:43  Observer  
  34  3:52  Probe  
  35  3:56  Forge x2  
  35  4:04  Probe, Zealot, Observer  
  39  4:12  Pylon  
  39  4:14  Pylon  
  39  4:18  Pylon  
  39  4:27  Pylon  
  39  4:30  Probe  
  40  4:33  Pylon  
  40  4:38  Probe  
  41  4:42  Probe  
  42  4:50  Probe  
  43  4:54  Probe  
  43  4:55  Immortal  
  48  5:02  Probe, Assimilator  
  48  5:05  Protoss Ground Weapons Level 1 (Chrono Boost), Protoss Ground Armor Level 1 (Chrono Boost)  
  48  5:06  Assimilator  
  48  5:07  Probe  
  50  5:14  Probe  
  50  5:17  Zealot  
  50  5:18  Zealot  
  55  5:31  Probe  
  55  5:32  Probe  
  57  5:41  Immortal  
  61  5:43  Probe  
  61  5:44  Probe  
  62  5:57  Probe x2  
  64  6:08  Gateway  
  64  6:09  Probe x2  
  64  6:10  Gateway  
  66  6:11  Gateway  
  66  6:13  Immortal  
  66  6:16  Gateway x2  
  66  6:21  Probe x2  
  72  6:34  Probe x2  
  74  6:46  Probe, Zealot x3  
  74  6:47  Probe  
  82  6:57  Twilight Council  
  82  7:00  Immortal  
  86  7:09  Probe x2  
  86  7:13  Nexus  
  88  7:21  Probe x2  
  90  7:33  Probe x2, Charge  
  92  7:41  Protoss Ground Armor Level 2 (Chrono Boost)  
  92  7:46  Protoss Ground Weapons Level 2 (Chrono Boost)  
  92  7:49  Probe, Templar Archives  
  92  7:50  Probe  
  94  7:52  Photon Cannon  
  94  7:55  Photon Cannon  
  94  8:19  Robotics Bay  
  94  8:24  Probe x2  
  96  8:30  Probe  
  97  8:35  Pylon, Immortal  
  97  8:36  Probe x2  
  97  8:38  Pylon x2  
  97  8:40  Pylon  
  103  8:42  Probe, Assimilator  
  103  8:44  High Templar x2  
  103  8:48  Assimilator  
  108  8:52  Pylon  
  108  8:54  Pylon  
  108  9:00  Photon Cannon  
  108  9:06  Archon  
  108  9:07  High Templar x2  
  108  9:08  High Templar x2  
  108  9:09  High Templar x2  
  120  9:14  Archon x3  
  120  9:28  Immortal (Chrono Boost), Zealot  
  120  9:29  Zealot  
  128  9:36  Extended Thermal Lance  
  128  9:42  Zealot x4  
  128  9:43  Zealot x2  
  140  9:56  Colossus (Chrono Boost)  
  140  10:01  Zealot x2  
  150  10:08  Protoss Ground Armor Level 3 (Chrono Boost)  
  150  10:10  Protoss Ground Weapons Level 3 (Chrono Boost)  
  143  10:43  Colossus  
  149  10:54  Zealot x3  
  149  10:55  Zealot  
  157  10:57  Nexus  
  157  11:03  Pylon  
  157  11:14  Pylon x2  
  151  11:36  Warp Prism  
  119  12:05  Zealot x6  
  119  12:06  Zealot x2  
  115  12:13  Immortal  
  103  12:35  Pylon  
  103  12:43  Zealot x2  
  103  12:44  Zealot x6  
  112  13:13  Stalker x2  
  112  13:14  Stalker x5  
  112  13:15  Stalker  
  128  13:34  Immortal  
  128  13:39  High Templar x5  
  128  13:40  High Templar x3  
  148  13:43  Archon  
  148  13:44  Archon x2  
  148  13:45  Archon  
  148  14:03  Stargate  
  148  14:05  Stargate  
  148  14:13  Colossus  
  154  14:38  Assimilator  
  154  14:43  Assimilator  
  154  14:44  Gateway  
  154  14:46  Pylon  
  154  14:48  Protoss Shields Level 1, Shield Battery x2  
  154  14:51  Shield Battery  
  153  14:53  Shield Battery  
  153  14:54  Shield Battery  
  153  14:55  Shield Battery  
  153  14:56  Shield Battery  
  153  14:59  Photon Cannon  
  117  15:07  Immortal  
  117  15:08  Photon Cannon  
  119  15:16  Stalker  
  119  15:17  Stalker x5  
  119  15:18  Stalker x2  
  133  15:33  Shield Battery  
  129  15:38  Probe x2  
  129  15:39  Probe  
  121  15:46  Colossus, Stalker x6  
  121  15:47  Stalker x2  
  141  15:50  Probe x2  
  141  15:51  Probe  
  139  16:01  Pylon  
  139  16:02  Probe, Pylon x2  
  139  16:03  Probe x2  
  139  16:04  Pylon  
  132  16:12  Stalker  
  132  16:13  Stalker x5  
  132  16:17  Stalker x2  
  148  16:20  Void Ray x2  
  152  16:34  Photon Cannon  
  152  16:40  Immortal  
  156  17:08  Probe  
  156  17:09  Probe x2  
  156  17:14  Nexus  
  159  17:19  Immortal  
  159  17:20  Probe  
  159  17:21  Probe x2  
  166  17:33  Probe  
  167  17:58  Stalker, Observer  
  167  17:59  Stalker x5  
  150  18:20  Immortal  
  120  18:36  Stalker  
  120  18:37  Stalker  
  100  18:54  Stalker  
  100  18:55  Stalker x2  
  79  19:17  Stalker x4  
  79  19:24  Stalker  
Show
View Real Time Build Order
Export as new Build Order

McCartey Terran - Winner!

Build Orders: Mech 

Get SALT Encoding   

  12  0:01  SCV  
  13  0:13  SCV  
  14  0:17  Supply Depot  
  14  0:25  SCV  
  15  0:39  SCV  
  15  0:40  Barracks  
  16  0:45  Refinery  
  16  0:51  SCV  
  17  1:03  SCV  
  18  1:15  SCV  
  19  1:27  SCV  
  19  1:29  Reaper  
  21  1:45  Orbital Command  
  21  1:50  Refinery  
  21  1:59  Bunker  
  21  2:01  Marine  
  22  2:09  Factory  
  22  2:11  SCV  
  23  2:24  Supply Depot  
  23  2:38  Command Center  
  23  2:45  Marine  
  23  2:46  SCV  
  25  2:54  Starport  
  25  3:03  Marine  
  25  3:06  Factory Tech Lab  
  25  3:11  SCV  
  26  3:21  Marine  
  26  3:25  Siege Tank  
  26  3:26  SCV  
  31  3:40  Starport Tech Lab  
  31  3:46  Supply Depot  
  31  3:49  Marine, SCV, Supply Depot  
  31  3:54  Orbital Command  
  33  4:00  Cloaking Field  
  33  4:01  SCV  
  34  4:09  Banshee  
  37  4:13  SCV  
  37  4:15  Engineering Bay  
  38  4:22  Siege Tank  
  41  4:32  SCV x2, Supply Depot  
  43  4:43  Barracks Reactor  
  43  4:44  Missile Turret  
  43  4:50  Neosteel Armor  
  43  4:51  Missile Turret  
  43  4:54  Supply Depot  
  43  4:55  SCV  
  44  5:04  SCV  
  45  5:07  SCV  
  45  5:10  Refinery  
  45  5:12  Refinery  
  46  5:16  SCV  
  46  5:19  SCV  
  48  5:23  Missile Turret  
  48  5:27  Siege Tank  
  48  5:28  SCV  
  52  5:33  SCV  
  53  5:40  SCV  
  54  5:45  SCV  
  55  5:50  Missile Turret  
  55  5:52  SCV  
  55  5:53  Missile Turret  
  55  5:54  Missile Turret  
  55  5:56  Missile Turret  
  56  5:57  SCV  
  56  6:00  Missile Turret  
  57  6:04  SCV  
  57  6:07  Factory  
  57  6:09  SCV  
  59  6:13  Factory  
  59  6:16  SCV  
  60  6:21  SCV  
  61  6:31  Raven, Armory  
  63  6:33  Missile Turret  
  63  6:36  SCV x2  
  65  6:54  Missile Turret  
  65  6:58  Starport  
  65  7:00  Starport, Factory Tech Lab x2  
  65  7:04  Infernal Pre-Igniter  
  65  7:24  Factory  
  65  7:25  Terran Vehicle Weapons Level 1  
  65  7:26  Barracks Tech Lab  
  65  7:30  Drilling Claws  
  65  7:31  Smart Servos  
  65  7:40  Hellion x3  
  71  7:54  Hi-Sec Auto Tracking  
  71  7:55  Starport Tech Lab  
  71  7:56  Starport Tech Lab  
  71  7:58  Command Center  
  71  8:01  Hellion x2  
  71  8:02  Hellion  
  77  8:14  SCV  
  78  8:28  Supply Depot x2  
  78  8:30  Supply Depot  
  78  8:31  Supply Depot  
  78  8:36  Supply Depot  
  78  8:37  Supply Depot  
  78  8:42  Supply Depot  
  78  8:49  SCV  
  78  8:50  Hellion x5, Mag-Field Accelerator  
  78  8:52  Supply Depot  
  89  9:07  SCV x2  
  91  9:11  Hellion x3, Siege Tank x2  
  103  9:19  SCV  
  103  9:20  SCV  
  105  9:29  Hyperflight Rotors  
  105  9:31  Fusion Core  
  105  9:32  Hellion  
  105  9:33  Hellion x2  
  111  9:55  Missile Turret  
  111  9:59  Missile Turret  
  111  10:00  Supply Depot x3  
  111  10:01  Supply Depot  
  111  10:20  Supply Depot  
  111  10:27  Supply Depot  
  111  10:33  Supply Depot  
  107  10:50  Hellion x10  
  107  10:52  Hellion  
  107  10:53  Hellion x4  
  117  10:58  Orbital Command  
  117  11:07  Supply Depot  
  117  11:09  Supply Depot x2  
  117  11:13  Hellion  
  117  11:14  Hellion x4  
  127  11:35  Hellion x2  
  122  11:47  Battlecruiser x3  
  77  12:28  Siege Tank x2  
  71  12:44  Orbital Command  
  71  12:51  Battlecruiser x3  
  71  13:00  Siege Tank  
  70  13:10  SCV x2  
  72  13:14  Orbital Command  
  72  13:22  SCV x2  
  74  13:32  Supply Depot  
  74  13:34  SCV x2  
  76  13:46  SCV  
  83  13:55  Battlecruiser  
  83  13:56  Battlecruiser x2  
  83  14:00  Hellion  
  83  14:01  Hellion x4  
  105  14:07  SCV x3  
  108  14:16  Supply Depot x2  
  108  14:17  Supply Depot  
  108  14:19  SCV x3  
  111  14:26  Refinery x2  
  111  14:36  Refinery  
  111  14:40  Refinery  
  105  15:37  Battlecruiser x2  
  95  16:17  SCV x2  
  97  16:21  Refinery, Command Center  
  91  16:29  Refinery  
  91  16:36  Battlecruiser  
  98  17:01  SCV x3  
  100  17:09  Refinery  
  100  17:11  Command Center  
  100  17:15  Missile Turret x2  
  100  17:16  Refinery  
  100  17:50  Weapon Refit  
  100  17:54  Widow Mine x3  
  100  17:55  Widow Mine x2  
  97  18:15  Widow Mine  
  97  18:16  Widow Mine x4  
  73  18:27  Banshee x3  
  75  18:37  Widow Mine x5  
Tags
 
Add a new tag
Caveats
  • Supply blocks, unpowered buildings, or Contaminate may cause inaccurate times.
  • Supply counts are checked every 10 seconds.